 Dungeon Crawl Stone Soup version 0.29.1-1-gd02db6906a (webtiles) character file.

Game seed: 18330664243464635802

43 Icepheonix32 the Insei (level 3, -3/19 (26) HPs)
             Began as a Merfolk Transmuter on Oct 3, 2022.
             Slain by a gnoll
             ... wielding a +0 whip of draining
              (4 damage)
             ... on level 2 of the Dungeon.
             The game lasted 00:01:31 (1689 turns).

Icepheonix32 the Insei (Merfolk Transmuter)         Turns: 1689, Time: 00:01:33

HP:   -3/19 (26)    AC:  3    Str: 10    XL:     3   Next: 58%
MP:   6/6           EV: 13    Int: 14    God:
Gold: 42            SH:  0    Dex: 14    Spells: 3/6 levels left

rFire   . . .      SeeInvis .     - Unarmed
rCold   . . .      Faith    .   (no shield)
rNeg    . . .      Spirit   .   a - +0 robe
rPois   .          Reflect  .   (helmet currently unavailable)
rElec   .          Harm     .   (no cloak)
rCorr   .          Rampage  .   g - +0 pair of gloves
Will    .....                   (boots currently unavailable)
Stlth   ++........              (no amulet)
HPRegen 0.06/turn               (no ring)
MPRegen 0.10/turn               (no ring)

@: appendages (expiring), very heavily drained
A: horns 2, (nimble swimmer 2), mertail
a: End Transformation


You were on level 2 of the Dungeon.
You had temporarily grown beastly horns.
You visited 1 branch of the dungeon, and saw 2 of its levels.

You collected 42 gold pieces.

Inventory:

Armour
 a - a +0 robe (worn)
 g - a +0 pair of gloves (worn)
Scrolls
 c - a scroll of immolation {unknown}
 f - 2 scrolls of identify {unknown}
Potions
 b - a potion of lignification
 d - a potion of heal wounds {unknown}
 e - a potion of magic {unknown}
 h - a potion of resistance


   Skills:
 + Level 1.2 Fighting
 + Level 3.0 Dodging
 + Level 1.0 Stealth
 + Level 4.1 Unarmed Combat
 + Level 2.2 Spellcasting
 * Level 3.3 Transmutations


You had 3 spell levels left.
You knew the following spells:

 Your Spells              Type           Power      Damage    Failure   Level
a - Beastly Appendage     Tmut           20%        N/A       6%          1
b - Wereblood             Tmut           10%        N/A       9%          2

Your spell library contained the following spells:

 Spells                   Type           Power      Damage    Failure   Level
 Spider Form              Tmut/Pois      6%         N/A       34%         3
 Dazzling Flash           Conj/Hex       2%         N/A       56%         3
 Ice Form                 Ice/Tmut       6%         N/A       75%         4
 Fulminant Prism          Conj/Hex       0%         3d6       93%         4
 Irradiate                Conj/Tmut      3%         3d12      97%         5
 Simulacrum               Ice/Necr       0%         N/A       100%        6


Dungeon Overview and Level Annotations

Branches:
Dungeon (2/15)

Altars:


Innate Abilities, Weirdness & Mutations

You have temporarily grown beastly horns.
((You are very nimble when in or above water. (Stealth+, EV+, Speed+++)))
Your lower body shifts to a powerful aquatic tail in water.


Message History

You hit the plant.
The plant begins to die.
You punch the plant.
The plant is lightly damaged.
A nearby plant withers and dies.
f - 2 scrolls labelled KAXUMODIBO (gained 1)
You see here a +0 whip.
Your horns disappear.
The gnoll shouts!
The gnoll drinks a potion.
The gnoll suddenly seems more resistant.
You grow a pair of large bovine horns.
You see here a +0 whip.
The gnoll barely misses you.
You barely miss the gnoll. The gnoll barely misses you.
You hit the gnoll.
The gnoll is lightly wounded.
The gnoll barely misses you.
You hit the gnoll.
The gnoll is moderately wounded.
The gnoll hits you but does no damage.
You feel drained.
You completely miss the gnoll.
The gnoll is moderately wounded.
The gnoll hits you with a +0 whip of draining.
You feel drained.
You closely miss the gnoll.
The gnoll is moderately wounded.
The gnoll hits you with a +0 whip of draining.
You feel drained.
You hit the gnoll.
The gnoll is severely wounded.
The gnoll hits you with a +0 whip of draining.
You feel drained.
You hit the gnoll. Your headbutt misses the gnoll.
The gnoll is severely wounded.
You barely miss the gnoll. Your headbutt misses the gnoll.
The gnoll is severely wounded.
Your transformation is almost over.
The gnoll hits you with a +0 whip of draining!
* * * LOW HITPOINT WARNING * * *
You feel drained.
You die...

........... ...........
#...####. ...........
......... ...........
#......# ...##.#...#
#......#
........#.######......##
.Sg.....................
##.##.####.......g......
##.# # #.#####@## #..##
#.#...)..# #.g.#
##.#..P...# #...#
#..+......# ..# #g..#
#..+......#... ...
#...#.###..#.).......#
#.#
#...#......#......#..#
#.#
#...####.#.##.#.###..#
#.#
.........#...........#
#.###


You could see a gnoll (resistant).

Vanquished Creatures
  A gnoll (D:2)
  2 adders (D:2)
  3 bats (D:1)
  An endoplasm (D:1)
  A giant cockroach (D:1)
  A goblin (D:1)
  A quokka (D:1)
  A frilled lizard (D:2)
  4 kobolds
  3 rats (D:1)
18 creatures vanquished.

Vanquished Creatures (others)
  6 plants (D:2)
6 creatures vanquished.

Grand Total: 24 creatures vanquished

Notes
Turn   | Place    | Note
-------+----------+-------------------------------------------
     0 | D:1      | Icepheonix32 the Merfolk Transmuter began the quest for the
                  | Orb.
     0 | D:1      | Reached XP level 1. HP: 15/15 MP: 3/3
   153 | D:1      | Reached XP level 2. HP: 19/21 MP: 5/5
   725 | D:1      | Got the Secrets of Shadowy Conjury
   839 | D:1      | Learned a level 2 spell: Wereblood
  1255 | D:2      | Found a faded altar of an unknown god.
  1466 | D:2      | Reached XP level 3. HP: 25/25 MP: 4/6
  1496 | D:2      | Reached skill level 4 in Unarmed Combat
  1651 | D:2      | Reached skill level 1 in Stealth
  1689 | D:2      | HP: 1/21 [gnoll/+0 whip of draining (10)]
  1689 | D:2      | Slain by a gnoll

Illustrated notes

Levels and vault maps discovered:
D:1:      wander_arrival_abandoned_jail, layout_loops_ring, chequers_mini_garden
D:2:      cheibrodos_old_hovel, layout_basic,
          shapermc_ecumenical_altar_mp_urbaneastern

Skill      XL: |  1  2  3 |
---------------+----------+-----
Transmutations | 3 |  3.3
Dodging        | 3 |  3.0
Unarmed Combat | 4 |  4.1
Stealth        | 1 |  1.0
Fighting       | |  1.2
Spellcasting   | |  2.2

Action                   || total
-------------------------++-------
Melee: Unarmed           ||    70
       Punch             ||     2
       Headbutt          ||     2
 Cast: Beastly Appendage ||     7
  Use: Potion            ||     1
 Stab: Sleeping          ||     2
Armor: Robe              ||    12
Dodge: Dodged            ||    42
